Admirals vs Crunch
Created - December 15, 2024 at 19:29
Goals
|
| Admirals |
2 |
1 |
1 |
4 |
| Crunch |
1 |
2 |
3 |
6 |
|
Shots
|
| Admirals |
12 |
8 |
10 |
30 |
| Crunch |
9 |
18 |
17 |
44 |
|
1st period
1. Admirals , Lucas Wallmark 7 (Nolan Vesey 9, Hunter Shinkaruk 11) at 5:58
2. Admirals , Mark McNeill 16 (Reilly Walsh 11, Hunter Shinkaruk 12) at 10:23
3. Crunch , Ryan Lindgren 4 (Maxime Comtois 18, Jean-Sebastien Dea 19) at 14:58
Penalties :
Gustav Lindstrom (Syr) for Interference (Minor) at 10:45, Jean-Sebastien Dea (Syr) for High sticking (Minor) at 18:27
2nd period
4. Admirals , Josh Norris 7 (Reilly Walsh 12, Ian Mitchell 11) at 0:12 (PP)
5. Crunch , Jean-Sebastien Dea 10 (Maxime Comtois 19) at 14:04
6. Crunch , Jeremy Bracco 14 (Anatoli Golyshev 8, Connor Bunnaman 9) at 16:53
Penalties :
Tobias Bjornfot (Mil) for Tripping (Minor) at 1:48, Hunter Shinkaruk (Mil) for Cross-checking (Minor) at 14:21, Jeremy Bracco (Syr) for Holding (Minor) at 14:27
3rd period
7. Crunch , Dylan Cozens 2 (Liam Foudy 8) at 7:11
8. Admirals , Nolan Vesey 4 (Carl Dahlstrom 9) at 17:35
9. Crunch , Liam Foudy 4 (Gustav Lindstrom 10, Dylan Cozens 10) at 17:41
10. Crunch , Jeremy Bracco 15 (Jean-Sebastien Dea 20) at 19:21 (Empty Net)
Penalties :
Henry Thrun (Mil) for Roughing (Minor) at 14:57
Goalie Stats
Felix Sanstrom (Mil), 38 saves from 43 shots - (0.884), L, 8-5-2, 59:25 minutes
Josef Korenar (Syr), 26 saves from 30 shots - (0.867), W, 1-0-0, 60:00 minutes
Players Stats for Admirals
Player Name G A P +/- PIM S H SB GA TA FO MP PP MP PK MP
------------------------------------------------------------------------------------
Anton Gustafsson 0 0 0 1 0 3 0 0 1 0 10/20 17:39 1:29 0:50
Carl Dahlstrom 0 1 1 0 0 0 0 0 0 1 0/0 12:18 0:00 1:36
Christian Djoos 0 0 0 2 0 0 0 1 0 0 0/0 5:44 0:00 1:28
Drew O'Connor 0 0 0 0 0 0 0 0 0 0 0/0 7:54 0:00 0:00
Gerald Mayhew 0 0 0 1 0 3 2 0 0 0 0/3 11:18 0:03 0:00
Henry Thrun 0 0 0 2 2 0 0 1 0 0 0/0 4:15 0:00 0:00
Hunter Shinkaruk 0 2 2 -5 2 7 3 2 2 0 3/4 19:31 2:18 0:48
Ian Mitchell 0 1 1 -3 0 2 0 0 0 2 0/0 26:31 2:08 2:28
Josh Norris 1 0 1 -5 0 1 4 0 0 1 14/31 20:04 2:18 0:18
Josh Wesley 0 0 0 -1 0 0 0 0 0 0 0/0 10:11 0:00 0:08
Kasper Bjorkqvist 0 0 0 0 0 2 2 0 3 0 0/0 15:37 1:29 0:00
Lucas Wallmark 1 0 1 1 0 2 0 0 0 0 5/9 13:46 0:00 2:26
Mark McNeill 1 0 1 -5 0 2 1 0 1 1 1/2 23:43 2:18 2:18
Milos Kelemen 0 0 0 0 0 1 2 2 0 0 0/0 15:37 1:29 0:00
Nolan Vesey 1 1 2 2 0 2 1 0 1 0 1/1 14:05 0:03 1:05
Reilly Walsh 0 2 2 -3 0 3 1 3 0 0 0/0 26:31 2:08 2:28
Riley Barber 0 0 0 0 0 1 0 0 0 0 0/0 6:15 0:03 0:23
Ruslan Iskhakov 0 0 0 0 0 0 0 0 0 0 0/2 7:54 0:00 0:00
Sean Durzi 0 0 0 -1 0 0 0 1 0 0 0/0 17:34 1:42 0:00
Tobias Bjornfot 0 0 0 -1 2 1 1 2 0 0 0/0 17:33 1:42 0:00
Players Stats for Crunch
Player Name G A P +/- PIM S H SB GA TA FO MP PP MP PK MP
------------------------------------------------------------------------------------
Adam Boqvist 0 0 0 0 0 2 0 0 0 0 0/0 17:38 1:40 1:52
Anatoli Golyshev 0 1 1 -1 0 5 5 1 0 0 3/4 18:19 1:40 1:51
Brandon Biro 0 0 0 1 0 0 2 0 0 0 0/1 11:29 0:00 0:00
Cam Hillis 0 0 0 0 0 0 0 0 0 0 0/0 6:51 0:00 0:00
Connor Bunnaman 0 1 1 -1 0 4 2 3 0 0 6/14 17:00 1:40 0:47
Dylan Cozens 1 1 2 1 0 3 1 0 2 0 5/9 12:50 0:03 0:59
Gustav Lindstrom 0 1 1 3 2 8 3 3 1 2 0/0 28:07 2:24 1:17
Jean-Sebastien Dea 1 2 3 3 2 2 1 2 0 0 23/38 21:52 2:21 1:03
Jeremy Bracco 2 0 2 4 2 5 0 0 0 0 1/3 20:12 2:20 0:00
Joe Veleno 0 0 0 0 0 1 1 0 0 0 0/0 7:59 0:03 0:46
Liam Foudy 1 1 2 1 0 3 1 2 1 0 0/0 11:39 0:00 0:00
Maxime Comtois 0 2 2 3 0 3 3 0 1 0 0/1 23:03 2:21 2:14
Michael Joly 0 0 0 -2 0 0 3 0 0 0 0/1 15:47 1:40 0:00
Nils Lundkvist 0 0 0 0 0 0 1 1 0 3 0/0 17:08 1:40 1:03
Ryan Lindgren 1 0 1 3 0 4 3 0 0 2 0/0 28:51 2:24 2:41
Scott Perunovich 0 0 0 0 0 1 0 4 0 0 0/0 14:15 0:00 0:41
Thomas Harley 0 0 0 0 0 1 0 1 0 1 0/0 14:01 0:00 0:06
Ty Dellandrea 0 0 0 0 0 2 0 0 0 0 0/1 7:13 0:03 0:00
3 Stars
1 - Jeremy Bracco (Syr)
2 - Jean-Sebastien Dea (Syr)
3 - Ryan Lindgren (Syr)
Power Play
Admirals - 1 on 3 Attempt(s) - 33.33%
Crunch - 0 on 3 Attempt(s) - 0.00%
Penalty Kill
Admirals - 3 on 3 Attempt(s) - 100.00%
- Score 0 goal in Penalty Kill
Crunch - 2 on 3 Attempt(s) - 66.67%
- Score 0 goal in Penalty Kill
Team Stat
Admirals - Hits : 17 - Faceoff Wins : 34 - Blocked Shots : 12 - Penalty Minutes : 6
Crunch - Hits : 26 - Faceoff Wins : 38 - Blocked Shots : 17 - Penalty Minutes : 6
Official
Referees : Furman South and Dan Kelly
Linesman : Devin Berg and Kiel Murchison
Game Notes
0:12 of 2nd period - Admirals goal is going for a video replay. After video review, Goal.
Riley Barber is injured at 13:58 of 2nd period (Broken Bone (Left Foot))
Jeremy Bracco has scored in a empty net!
Finance
Level 1 -- Attendance: 1866 (93.30%) -- Ticket Income $130,620
Level 2 -- Attendance: 980 (98.00%) -- Ticket Income $39,200
Total Attendance: 2846 (94.87%)
Total Ticket Income: $169,820
Other Income: $8,491
Total Income: $178,311
Admirals
5 vs 5 Forward
Center Left Wing Right Wing Time % Phy DF OF
1 Josh Norris Hunter Shinkaruk Mark McNeill 40 1 2 2
2 Anton Gustafsson Milos Kelemen Kasper Bjorkqvist 30 1 2 2
3 Lucas Wallmark Nolan Vesey Gerald Mayhew 20 1 2 2
4 Ruslan Iskhakov Drew O'Connor Riley Barber 10 1 2 2
5 vs 5 Defense
Defense Defense Time % Phy DF OF
1 Reilly Walsh Ian Mitchell 40 1 2 2
2 Sean Durzi Tobias Bjornfot 30 1 2 2
3 Carl Dahlstrom Josh Wesley 20 1 2 2
4 Christian Djoos Henry Thrun 10 1 2 2
PowerPlay Forward
Center Left Wing Right Wing Time % Phy DF OF
1 Josh Norris Hunter Shinkaruk Mark McNeill 60 1 2 2
2 Anton Gustafsson Milos Kelemen Kasper Bjorkqvist 40 1 2 2
PowerPlay Defense
Defense Defense Time % Phy DF OF
1 Reilly Walsh Ian Mitchell 60 1 2 2
2 Sean Durzi Tobias Bjornfot 40 1 2 2
Penalty Kill 4 Players Forward
Center Wing Time % Phy DF OF
1 Lucas Wallmark Mark McNeill 60 1 2 2
2 Anton Gustafsson Riley Barber 40 1 2 2
Penalty Kill 4 Players Defense
Defense Defense Time % Phy DF OF
1 Reilly Walsh Ian Mitchell 60 1 3 1
2 Carl Dahlstrom Christian Djoos 40 1 3 1
Penalty Kill - 3 Players Forward
Forward Time % Phy DF OF
1 Lucas Wallmark 60 1 3 1
2 Mark McNeill 40 1 3 1
Penalty Kill - 3 Players Defense
Defense Defense Time % Phy DF OF
1 Reilly Walsh Ian Mitchell 60 1 3 1
2 Carl Dahlstrom Christian Djoos 40 1 3 1
4 vs 4 Forward
Center Wing Time % Phy DF OF
1 Josh Norris Mark McNeill 60 1 2 2
2 Anton Gustafsson Hunter Shinkaruk 40 1 2 2
4 vs 4 Defense
Defense Defense Time % Phy DF OF
1 Reilly Walsh Ian Mitchell 60 1 2 2
2 Sean Durzi Tobias Bjornfot 40 1 2 2
Last Minutes Offensive
Center Left Wing Right Wing Defense Defense
Josh Norris Hunter Shinkaruk Mark McNeill Reilly Walsh Ian Mitchell
Last Minutes Defensive
Center Left Wing Right Wing Defense Defense
Lucas Wallmark Anton Gustafsson Mark McNeill Reilly Walsh Ian Mitchell
Goaltenders
Starting : Felix Sanstrom
Backup : Tristan Jarry
Extra Forwards
Normal : Nolan Vesey, Lucas Wallmark, Gerald Mayhew - PP : Gerald Mayhew, Nolan Vesey - PK : Nolan Vesey
Extra Defensemen
Normal : Josh Wesley, Carl Dahlstrom, Tobias Bjornfot - PP : Josh Wesley - PK : Christian Djoos, Josh Wesley
Penalty Shots
Anton Gustafsson, Josh Norris, Kasper Bjorkqvist, Gerald Mayhew, Mark McNeill
Custom OT Lines Forwards
Josh Norris, Anton Gustafsson, Hunter Shinkaruk, Lucas Wallmark, Kasper Bjorkqvist, Mark McNeill, Nolan Vesey, Gerald Mayhew, Riley Barber, Ruslan Iskhakov
Custom OT Lines Defensemen
Reilly Walsh, Ian Mitchell, Tobias Bjornfot, Sean Durzi, Carl Dahlstrom
Scratches
Bokondji Imama (Healthy), Joni Ikonen (Healthy), Filip Chlapik (Healthy), Grant Hutton (Healthy), Ryan Olsen (Healthy)
Sergei Zborovskiy (Healthy), Troy Bourke (Healthy), Carsen Twarynski (Healthy), Libor Hajek (Healthy), Pavol Regenda (Torn Left Knee Ligaments Injury)
Mark Kastelic (Healthy), Patrick Moynihan (Healthy), Jack Malone (Healthy)
Crunch
5 vs 5 Forward
Center Left Wing Right Wing Time % Phy DF OF
1 Jean-Sebastien Dea Maxime Comtois Jeremy Bracco 40 1 2 2
2 Connor Bunnaman Anatoli Golyshev Michael Joly 30 1 2 2
3 Dylan Cozens Brandon Biro Liam Foudy 20 1 2 2
4 Cam Hillis Joe Veleno Ty Dellandrea 10 1 2 2
5 vs 5 Defense
Defense Defense Time % Phy DF OF
1 Ryan Lindgren Gustav Lindstrom 40 1 2 2
2 Nils Lundkvist Adam Boqvist 30 1 2 2
3 Scott Perunovich Thomas Harley 20 1 2 2
4 Ryan Lindgren Gustav Lindstrom 10 1 2 2
PowerPlay Forward
Center Left Wing Right Wing Time % Phy DF OF
1 Jean-Sebastien Dea Maxime Comtois Jeremy Bracco 60 1 2 2
2 Connor Bunnaman Anatoli Golyshev Michael Joly 40 1 2 2
PowerPlay Defense
Defense Defense Time % Phy DF OF
1 Ryan Lindgren Gustav Lindstrom 60 1 2 2
2 Nils Lundkvist Adam Boqvist 40 1 2 2
Penalty Kill 4 Players Forward
Center Wing Time % Phy DF OF
1 Jean-Sebastien Dea Maxime Comtois 60 1 2 2
2 Connor Bunnaman Anatoli Golyshev 40 1 2 2
Penalty Kill 4 Players Defense
Defense Defense Time % Phy DF OF
1 Ryan Lindgren Gustav Lindstrom 60 1 2 2
2 Nils Lundkvist Adam Boqvist 40 1 2 2
Penalty Kill - 3 Players Forward
Forward Time % Phy DF OF
1 Jean-Sebastien Dea 60 1 2 2
2 Connor Bunnaman 40 1 2 2
Penalty Kill - 3 Players Defense
Defense Defense Time % Phy DF OF
1 Ryan Lindgren Gustav Lindstrom 60 1 2 2
2 Nils Lundkvist Adam Boqvist 40 1 2 2
4 vs 4 Forward
Center Wing Time % Phy DF OF
1 Jean-Sebastien Dea Maxime Comtois 60 1 2 2
2 Connor Bunnaman Anatoli Golyshev 40 1 2 2
4 vs 4 Defense
Defense Defense Time % Phy DF OF
1 Ryan Lindgren Gustav Lindstrom 60 1 2 2
2 Nils Lundkvist Adam Boqvist 40 1 2 2
Last Minutes Offensive
Center Left Wing Right Wing Defense Defense
Jean-Sebastien Dea Maxime Comtois Jeremy Bracco Ryan Lindgren Gustav Lindstrom
Last Minutes Defensive
Center Left Wing Right Wing Defense Defense
Jean-Sebastien Dea Maxime Comtois Jeremy Bracco Ryan Lindgren Gustav Lindstrom
Goaltenders
Starting : Josef Korenar
Backup : Ukko-Pekka Luukkonen
Extra Forwards
Normal : Anatoli Golyshev, Michael Joly, Liam Foudy - PP : Anatoli Golyshev, Michael Joly - PK : Anatoli Golyshev
Extra Defensemen
Normal : Adam Boqvist, Scott Perunovich, Thomas Harley - PP : Adam Boqvist - PK : Adam Boqvist, Scott Perunovich
Penalty Shots
Jean-Sebastien Dea, Maxime Comtois, Jeremy Bracco, Connor Bunnaman, Anatoli Golyshev
Custom OT Lines Forwards
Jean-Sebastien Dea, Maxime Comtois, Jeremy Bracco, Connor Bunnaman, Anatoli Golyshev, Michael Joly, Liam Foudy, Brandon Biro, Ty Dellandrea, Joe Veleno
Custom OT Lines Defensemen
Ryan Lindgren, Gustav Lindstrom, Nils Lundkvist, Adam Boqvist, Scott Perunovich
Scratches
Blake Lizotte (Healthy), Michael Downing (Healthy), Sean Walker (Healthy), Blake Hillman (Healthy), Lukas Dostal (Healthy)
% Time on Ice - Admirals
Lines # - Real PCT - Wanted PCT - Time Play
Normal Forward
1 - 33% - 40% - 16:19
2 - 30% - 30% - 14:47
3 - 22% - 20% - 10:46
4 - 16% - 10% - 7:54
Normal Defense
1 - 42% - 40% - 20:43
2 - 32% - 30% - 15:41
3 - 20% - 20% - 9:45
4 - 7% - 10% - 3:37
PP Forward
1 - 61% - 60% - 2:21
2 - 39% - 40% - 1:29
PP Defense
1 - 56% - 60% - 2:08
2 - 44% - 40% - 1:42
PK Forward
1 - 80% - 60% - 3:14
2 - 20% - 40% - 0:50
PK Defense
1 - 64% - 60% - 2:36
2 - 36% - 40% - 1:28
PK3 Forward
1 - 0% - 60%
2 - 0% - 40%
PK3 Defense
1 - 0% - 60%
2 - 0% - 40%
44 Forward
1 - 71% - 60% - 1:20
2 - 29% - 40% - 0:33
44 Defense
1 - 56% - 60% - 1:03
2 - 44% - 40% - 0:50
Last Minute Offensive - 0:27
Last Minute Defensive - 0:00
Total
Forward - 60:00
Defense - 60:00
|
% Time on Ice - Crunch
Lines # - Real PCT - Wanted PCT - Time Play
Normal Forward
1 - 35% - 40% - 17:18
2 - 28% - 30% - 14:08
3 - 23% - 20% - 11:29
4 - 14% - 10% - 6:51
Normal Defense
1 - 41% - 40% - 20:23
2 - 28% - 30% - 13:47
3 - 26% - 20% - 12:54
4 - 5% - 10% - 2:42
PP Forward
1 - 59% - 60% - 2:24
2 - 41% - 40% - 1:40
PP Defense
1 - 59% - 60% - 2:24
2 - 41% - 40% - 1:40
PK Forward
1 - 80% - 60% - 3:03
2 - 20% - 40% - 0:47
PK Defense
1 - 88% - 60% - 3:22
2 - 12% - 40% - 0:28
PK3 Forward
1 - 0% - 60%
2 - 0% - 40%
PK3 Defense
1 - 0% - 60%
2 - 0% - 40%
44 Forward
1 - 78% - 60% - 1:28
2 - 22% - 40% - 0:25
44 Defense
1 - 67% - 60% - 1:16
2 - 33% - 40% - 0:37
Last Minute Offensive - 0:00
Last Minute Defensive - 0:27
Total
Forward - 60:00
Defense - 60:00
|
Play-by-Play
1st period
0:01 of 1st period - Jean-Sebastien Dea wins face-off versus Josh Norris in neutral zone.
0:04 of 1st period - Wrist shot by Maxime Comtois.
0:04 of 1st period - Shot Misses the Net.
0:06 of 1st period - Slapshot by Gustav Lindstrom.
0:06 of 1st period - Stopped by Felix Sanstrom with a rebound.
0:08 of 1st period - Slapshot by Gustav Lindstrom.
0:08 of 1st period - Shot Blocked by Reilly Walsh.
0:10 of 1st period - Snap shot by Jeremy Bracco.
0:10 of 1st period - Stopped by Felix Sanstrom without a rebound.
0:11 of 1st period - Anton Gustafsson wins face-off versus Anatoli Golyshev in Admirals zone.
0:38 of 1st period - Nolan Vesey is hit by Brandon Biro and loses puck.
1:34 of 1st period - Reilly Walsh is hit by Joe Veleno and loses puck.
2:31 of 1st period - Snap shot by Gustav Lindstrom.
2:31 of 1st period - Stopped by Felix Sanstrom with a rebound.
2:33 of 1st period - Snap shot by Ty Dellandrea.
2:33 of 1st period - Stopped by Felix Sanstrom without a rebound.
2:34 of 1st period - Josh Norris wins face-off versus Jean-Sebastien Dea in Admirals zone.
3:01 of 1st period - Mark McNeill is hit by Liam Foudy and loses puck.
3:36 of 1st period - Slapshot by Anton Gustafsson.
3:36 of 1st period - Shot Blocked by Connor Bunnaman.
3:46 of 1st period - Jean-Sebastien Dea is hit by Nolan Vesey and loses puck.
3:55 of 1st period - Snap shot by Gerald Mayhew.
3:55 of 1st period - Stopped by Josef Korenar without a rebound.
3:56 of 1st period - Anton Gustafsson wins face-off versus Dylan Cozens in Crunch zone.
4:09 of 1st period - Slapshot by Liam Foudy.
4:09 of 1st period - Shot Blocked by Tobias Bjornfot.
4:32 of 1st period - Nolan Vesey is hit by Maxime Comtois and loses puck.
4:53 of 1st period - Wrist shot by Connor Bunnaman.
4:53 of 1st period - Stopped by Felix Sanstrom without a rebound.
4:54 of 1st period - Jean-Sebastien Dea wins face-off versus Anton Gustafsson in Admirals zone.
4:59 of 1st period - Wrist shot by Maxime Comtois.
4:59 of 1st period - Shot Misses the Net.
5:58 of 1st period - Wrist shot by Lucas Wallmark.
5:58 of 1st period - Goal by Lucas Wallmark - Admirals : 1 - Crunch : 0.
5:59 of 1st period - Jeremy Bracco wins face-off versus Anton Gustafsson in neutral zone.
6:14 of 1st period - Snap shot by Jean-Sebastien Dea.
6:14 of 1st period - Shot Blocked by Milos Kelemen.
6:30 of 1st period - Backhand shot by Anton Gustafsson.
6:30 of 1st period - Shot Blocked by Jean-Sebastien Dea.
6:32 of 1st period - Snap shot by Milos Kelemen.
6:32 of 1st period - Deflect By Kasper Bjorkqvist.
6:32 of 1st period - Deflect By Gustav Lindstrom.
6:32 of 1st period - Stopped by Josef Korenar without a rebound.
6:33 of 1st period - Connor Bunnaman wins face-off versus Josh Norris in Crunch zone.
6:33 of 1st period - Connor Bunnaman is hit by Josh Norris.
6:45 of 1st period - Snap shot by Hunter Shinkaruk.
6:45 of 1st period - Stopped by Josef Korenar with a rebound.
7:26 of 1st period - Wrist shot by Gustav Lindstrom.
7:26 of 1st period - Deflect By Carl Dahlstrom.
7:26 of 1st period - Stopped by Felix Sanstrom without a rebound.
7:27 of 1st period - Jean-Sebastien Dea wins face-off versus Josh Norris in Admirals zone.
7:30 of 1st period - Snap shot by Maxime Comtois.
7:30 of 1st period - Shot Misses the Net.
8:35 of 1st period - Snap shot by Jean-Sebastien Dea.
8:35 of 1st period - Shot Misses the Net.
9:45 of 1st period - Wrist shot by Anton Gustafsson.
9:45 of 1st period - Stopped by Josef Korenar with a rebound.
10:01 of 1st period - Wrist shot by Nolan Vesey.
10:01 of 1st period - Shot Blocked by Nils Lundkvist.
10:03 of 1st period - Slapshot by Josh Wesley.
10:03 of 1st period - Shot Misses the Net.
10:05 of 1st period - Backhand shot by Josh Wesley.
10:05 of 1st period - Shot Blocked by Jean-Sebastien Dea.
10:07 of 1st period - Slapshot by Carl Dahlstrom.
10:07 of 1st period - Deflect By Gerald Mayhew.
10:07 of 1st period - Shot Misses the Net.
10:07 of 1st period - Puck is out of play.
10:08 of 1st period - Josh Norris wins face-off versus Michael Joly in Crunch zone.
10:17 of 1st period - Snap shot by Hunter Shinkaruk.
10:17 of 1st period - Shot Misses the Net.
10:19 of 1st period - Slapshot by Mark McNeill.
10:19 of 1st period - Shot Misses the Net.
10:21 of 1st period - Slapshot by Reilly Walsh.
10:21 of 1st period - Stopped by Josef Korenar with a rebound.
10:23 of 1st period - Snap shot by Mark McNeill.
10:23 of 1st period - Goal by Mark McNeill - Admirals : 2 - Crunch : 0.
10:24 of 1st period - Josh Norris wins face-off versus Jean-Sebastien Dea in neutral zone.
10:45 of 1st period - Minor Penalty to Gustav Lindstrom for Interference.
10:46 of 1st period - Jean-Sebastien Dea wins face-off versus Josh Norris in Crunch zone.
11:58 of 1st period - Maxime Comtois is hit by Josh Norris and loses puck.
12:45 of 1st period - Penalty to Gustav Lindstrom is over, Gustav Lindstrom is back on ice.
12:52 of 1st period - Scott Perunovich is hit by Gerald Mayhew and loses puck.
13:25 of 1st period - Nolan Vesey is hit by Connor Bunnaman and loses puck.
13:38 of 1st period - Maxime Comtois is hit by Hunter Shinkaruk.
14:42 of 1st period - Wrist shot by Hunter Shinkaruk.
14:42 of 1st period - Stopped by Josef Korenar without a rebound.
14:43 of 1st period - Josh Norris wins face-off versus Connor Bunnaman in Crunch zone.
14:44 of 1st period - Wrist shot by Mark McNeill.
14:44 of 1st period - Shot Hit the Post.
14:46 of 1st period - Wrist shot by Mark McNeill.
14:46 of 1st period - Stopped by Josef Korenar without a rebound.
14:47 of 1st period - Jean-Sebastien Dea wins face-off versus Josh Norris in Crunch zone.
14:56 of 1st period - Snap shot by Maxime Comtois.
14:56 of 1st period - Shot Misses the Net.
14:58 of 1st period - Snap shot by Ryan Lindgren.
14:58 of 1st period - Goal by Ryan Lindgren - Admirals : 2 - Crunch : 1.
14:59 of 1st period - Anton Gustafsson wins face-off versus Jean-Sebastien Dea in neutral zone.
15:24 of 1st period - Michael Joly is hit by Josh Norris and loses puck.
15:31 of 1st period - Connor Bunnaman is hit by Hunter Shinkaruk and loses puck.
16:22 of 1st period - Jean-Sebastien Dea is hit by Kasper Bjorkqvist and loses puck.
16:39 of 1st period - Icing by Sean Durzi.
16:40 of 1st period - Anton Gustafsson wins face-off versus Connor Bunnaman in Admirals zone.
16:40 of 1st period - Anton Gustafsson is hit by Gustav Lindstrom.
16:48 of 1st period - Michael Joly is hit by Josh Norris and loses puck.
17:14 of 1st period - Slapshot by Maxime Comtois.
17:14 of 1st period - Shot Misses the Net.
17:16 of 1st period - Snap shot by Jeremy Bracco.
17:16 of 1st period - Shot Blocked by Henry Thrun.
17:18 of 1st period - Slapshot by Ryan Lindgren.
17:18 of 1st period - Stopped by Felix Sanstrom without a rebound.
17:19 of 1st period - Josh Norris wins face-off versus Connor Bunnaman in Admirals zone.
17:44 of 1st period - Snap shot by Dylan Cozens.
17:44 of 1st period - Stopped by Felix Sanstrom with a rebound.
17:56 of 1st period - Wrist shot by Hunter Shinkaruk.
17:56 of 1st period - Shot Blocked by Liam Foudy.
17:58 of 1st period - Slapshot by Reilly Walsh.
17:58 of 1st period - Deflect By Josh Norris.
17:58 of 1st period - Shot Blocked by Liam Foudy.
17:58 of 1st period - Puck is out of play.
17:59 of 1st period - Jean-Sebastien Dea wins face-off versus Anton Gustafsson in Crunch zone.
17:59 of 1st period - Jean-Sebastien Dea is hit by Milos Kelemen.
18:11 of 1st period - Snap shot by Kasper Bjorkqvist.
18:11 of 1st period - Stopped by Josef Korenar without a rebound.
18:12 of 1st period - Jean-Sebastien Dea wins face-off versus Anton Gustafsson in Crunch zone.
18:25 of 1st period - Wrist shot by Anton Gustafsson.
18:25 of 1st period - Shot Misses the Net.
18:27 of 1st period - Minor Penalty to Jean-Sebastien Dea for High sticking.
18:28 of 1st period - Anatoli Golyshev wins face-off versus Josh Norris in Crunch zone.
18:37 of 1st period - Wrist shot by Hunter Shinkaruk.
18:37 of 1st period - Stopped by Josef Korenar with a rebound.
18:51 of 1st period - Josh Norris is hit by Maxime Comtois and loses puck.
18:58 of 1st period - Snap shot by Reilly Walsh.
18:58 of 1st period - Shot Blocked by Gustav Lindstrom.
19:00 of 1st period - Slapshot by Reilly Walsh.
19:00 of 1st period - Stopped by Josef Korenar without a rebound.
19:01 of 1st period - Anatoli Golyshev wins face-off versus Anton Gustafsson in Crunch zone.
19:27 of 1st period - Tobias Bjornfot is hit by Anatoli Golyshev and loses puck.
Goals for this period are 2 for Admirals vs 1 for Crunch.
Shots for this period are 12 for Admirals vs 9 for Crunch.
2nd period
0:01 of 2nd period - Anatoli Golyshev wins face-off versus Josh Norris in neutral zone.
0:08 of 2nd period - Wrist shot by Josh Norris.
0:08 of 2nd period - Shot Misses the Net.
0:10 of 2nd period - Slapshot by Reilly Walsh.
0:10 of 2nd period - Stopped by Josef Korenar with a rebound.
0:12 of 2nd period - Snap shot by Josh Norris.
0:12 of 2nd period - Admirals goal is going for a video replay.
0:12 of 2nd period - The goal is good.
0:12 of 2nd period - Goal by Josh Norris - Admirals : 3 - Crunch : 1.
0:13 of 2nd period - Jean-Sebastien Dea wins face-off versus Josh Norris in neutral zone.
0:16 of 2nd period - Slapshot by Gustav Lindstrom.
0:16 of 2nd period - Stopped by Felix Sanstrom without a rebound.
0:17 of 2nd period - Josh Norris wins face-off versus Jean-Sebastien Dea in Admirals zone.
0:17 of 2nd period - Josh Norris is hit by Maxime Comtois.
1:10 of 2nd period - Backhand shot by Brandon Biro.
1:10 of 2nd period - Shot Misses the Net.
1:16 of 2nd period - Wrist shot by Dylan Cozens.
1:16 of 2nd period - Stopped by Felix Sanstrom without a rebound.
1:17 of 2nd period - Jean-Sebastien Dea wins face-off versus Ruslan Iskhakov in Admirals zone.
1:18 of 2nd period - Snap shot by Jeremy Bracco.
1:18 of 2nd period - Shot Blocked by Sean Durzi.
1:48 of 2nd period - Minor Penalty to Tobias Bjornfot for Tripping.
1:49 of 2nd period - Jean-Sebastien Dea wins face-off versus Mark McNeill in Admirals zone.
2:15 of 2nd period - Mark McNeill is hit by Michael Joly and loses puck.
3:48 of 2nd period - Penalty to Tobias Bjornfot is over, Tobias Bjornfot is back on ice.
3:53 of 2nd period - Gustav Lindstrom is hit by Kasper Bjorkqvist and loses puck.
4:12 of 2nd period - Drew O'Connor is hit by Ryan Lindgren and loses puck.
4:45 of 2nd period - Snap shot by Lucas Wallmark.
4:45 of 2nd period - Stopped by Josef Korenar with a rebound.
4:47 of 2nd period - Slapshot by Tobias Bjornfot.
4:47 of 2nd period - Stopped by Josef Korenar with a rebound.
4:49 of 2nd period - Snap shot by Tobias Bjornfot.
4:49 of 2nd period - Shot Misses the Net.
5:05 of 2nd period - Snap shot by Drew O'Connor.
5:05 of 2nd period - Shot Blocked by Scott Perunovich.
5:08 of 2nd period - Icing by Dylan Cozens.
5:09 of 2nd period - Anton Gustafsson wins face-off versus Dylan Cozens in Crunch zone.
5:16 of 2nd period - Slapshot by Anton Gustafsson.
5:16 of 2nd period - Shot Blocked by Scott Perunovich.
5:18 of 2nd period - Slapshot by Kasper Bjorkqvist.
5:18 of 2nd period - Deflect By Milos Kelemen.
5:18 of 2nd period - Stopped by Josef Korenar with a rebound.
5:20 of 2nd period - Wrist shot by Anton Gustafsson.
5:20 of 2nd period - Shot Misses the Net.
5:22 of 2nd period - Slapshot by Kasper Bjorkqvist.
5:22 of 2nd period - Shot Misses the Net.
5:42 of 2nd period - Josh Norris is hit by Connor Bunnaman and loses puck.
5:57 of 2nd period - Wrist shot by Gerald Mayhew.
5:57 of 2nd period - Stopped by Josef Korenar with a rebound.
6:46 of 2nd period - Wrist shot by Riley Barber.
6:46 of 2nd period - Stopped by Josef Korenar without a rebound.
6:47 of 2nd period - Jean-Sebastien Dea wins face-off versus Hunter Shinkaruk in Crunch zone.
6:56 of 2nd period - Wrist shot by Jeremy Bracco.
6:56 of 2nd period - Shot Misses the Net.
7:02 of 2nd period - Maxime Comtois is hit by Mark McNeill.
7:14 of 2nd period - Anton Gustafsson is hit by Ryan Lindgren and loses puck.
7:39 of 2nd period - Dylan Cozens is hit by Gerald Mayhew and loses puck.
7:47 of 2nd period - Icing by Brandon Biro.
7:48 of 2nd period - Josh Norris wins face-off versus Dylan Cozens in Crunch zone.
8:18 of 2nd period - Wrist shot by Jeremy Bracco.
8:18 of 2nd period - Shot Misses the Net.
8:20 of 2nd period - Backhand shot by Scott Perunovich.
8:20 of 2nd period - Stopped by Felix Sanstrom without a rebound.
8:21 of 2nd period - Jean-Sebastien Dea wins face-off versus Anton Gustafsson in Admirals zone.
8:54 of 2nd period - Slapshot by Mark McNeill.
8:54 of 2nd period - Deflect By Hunter Shinkaruk.
8:54 of 2nd period - Shot Blocked by Scott Perunovich.
8:54 of 2nd period - Puck is out of play.
8:55 of 2nd period - Josh Norris wins face-off versus Connor Bunnaman in Crunch zone.
8:56 of 2nd period - Snap shot by Mark McNeill.
8:56 of 2nd period - Shot Blocked by Scott Perunovich.
8:58 of 2nd period - Backhand shot by Josh Norris.
8:58 of 2nd period - Shot Misses the Net.
9:00 of 2nd period - Snap shot by Josh Norris.
9:00 of 2nd period - Deflect By Mark McNeill.
9:00 of 2nd period - Shot Blocked by Connor Bunnaman.
9:00 of 2nd period - Puck is out of play.
9:01 of 2nd period - Josh Norris wins face-off versus Jean-Sebastien Dea in Crunch zone.
9:26 of 2nd period - Milos Kelemen is hit by Anatoli Golyshev and loses puck.
9:37 of 2nd period - Wrist shot by Connor Bunnaman.
9:37 of 2nd period - Shot Misses the Net.
10:13 of 2nd period - Wrist shot by Liam Foudy.
10:13 of 2nd period - Shot Blocked by Tobias Bjornfot.
10:15 of 2nd period - Snap shot by Adam Boqvist.
10:15 of 2nd period - Stopped by Felix Sanstrom without a rebound.
10:16 of 2nd period - Hunter Shinkaruk wins face-off versus Ty Dellandrea in Admirals zone.
11:07 of 2nd period - Wrist shot by Joe Veleno.
11:07 of 2nd period - Stopped by Felix Sanstrom without a rebound.
11:08 of 2nd period - Jean-Sebastien Dea wins face-off versus Anton Gustafsson in Admirals zone.
11:19 of 2nd period - Slapshot by Jeremy Bracco.
11:19 of 2nd period - Stopped by Felix Sanstrom with a rebound.
11:21 of 2nd period - Slapshot by Nils Lundkvist.
11:21 of 2nd period - Shot Misses the Net.
11:23 of 2nd period - Wrist shot by Maxime Comtois.
11:23 of 2nd period - Stopped by Felix Sanstrom without a rebound.
11:24 of 2nd period - Connor Bunnaman wins face-off versus Gerald Mayhew in Admirals zone.
11:39 of 2nd period - Wrist shot by Nolan Vesey.
11:39 of 2nd period - Shot Blocked by Anatoli Golyshev.
12:13 of 2nd period - Jeremy Bracco is hit by Milos Kelemen and loses puck.
12:34 of 2nd period - Slapshot by Liam Foudy.
12:34 of 2nd period - Stopped by Felix Sanstrom with a rebound.
12:36 of 2nd period - Slapshot by Nils Lundkvist.
12:36 of 2nd period - Shot Blocked by Hunter Shinkaruk.
12:38 of 2nd period - Slapshot by Nils Lundkvist.
12:38 of 2nd period - Shot Blocked by Hunter Shinkaruk.
12:40 of 2nd period - Snap shot by Liam Foudy.
12:40 of 2nd period - Shot Misses the Net.
12:42 of 2nd period - Wrist shot by Brandon Biro.
12:42 of 2nd period - Shot Misses the Net.
13:57 of 2nd period - Riley Barber is hit by Michael Joly and loses puck.
13:58 of 2nd period - Riley Barber from Admirals is injured at 13:58 of 2nd period (Broken Bone (Left Foot)).
13:59 of 2nd period - Jean-Sebastien Dea wins face-off versus Josh Norris in Admirals zone.
14:04 of 2nd period - Slapshot by Jean-Sebastien Dea.
14:04 of 2nd period - Goal by Jean-Sebastien Dea - Admirals : 3 - Crunch : 2.
14:05 of 2nd period - Hunter Shinkaruk wins face-off versus Jean-Sebastien Dea in neutral zone.
14:21 of 2nd period - Minor Penalty to Hunter Shinkaruk for Cross-checking.
14:22 of 2nd period - Lucas Wallmark wins face-off versus Jean-Sebastien Dea in Admirals zone.
14:27 of 2nd period - Minor Penalty to Jeremy Bracco for Holding.
14:28 of 2nd period - Jean-Sebastien Dea wins face-off versus Josh Norris in Crunch zone.
14:35 of 2nd period - Slapshot by Gustav Lindstrom.
14:35 of 2nd period - Deflect By Reilly Walsh.
14:35 of 2nd period - Stopped by Felix Sanstrom with a rebound.
14:37 of 2nd period - Wrist shot by Jean-Sebastien Dea.
14:37 of 2nd period - Shot Hit the Post.
14:55 of 2nd period - Mark McNeill is hit by Jean-Sebastien Dea and loses puck.
15:16 of 2nd period - Anatoli Golyshev is hit by Tobias Bjornfot and loses puck.
15:57 of 2nd period - Reilly Walsh is hit by Anatoli Golyshev and loses puck.
16:11 of 2nd period - Icing by Nils Lundkvist.
16:12 of 2nd period - Jean-Sebastien Dea wins face-off versus Anton Gustafsson in Crunch zone.
16:21 of 2nd period - Penalty to Hunter Shinkaruk is over, Hunter Shinkaruk is back on ice.
16:27 of 2nd period - Penalty to Jeremy Bracco is over, Jeremy Bracco is back on ice.
16:53 of 2nd period - Wrist shot by Jeremy Bracco.
16:53 of 2nd period - Goal by Jeremy Bracco - Admirals : 3 - Crunch : 3.
16:54 of 2nd period - Anton Gustafsson wins face-off versus Jeremy Bracco in neutral zone.
17:21 of 2nd period - Lucas Wallmark is hit by Michael Joly and loses puck.
18:25 of 2nd period - Slapshot by Gerald Mayhew.
18:25 of 2nd period - Shot Misses the Net.
18:43 of 2nd period - Snap shot by Hunter Shinkaruk.
18:43 of 2nd period - Stopped by Josef Korenar with a rebound.
18:51 of 2nd period - Snap shot by Maxime Comtois.
18:51 of 2nd period - Stopped by Felix Sanstrom with a rebound.
18:53 of 2nd period - Slapshot by Jean-Sebastien Dea.
18:53 of 2nd period - Shot Blocked by Christian Djoos.
18:55 of 2nd period - Snap shot by Jean-Sebastien Dea.
18:55 of 2nd period - Shot Misses the Net.
18:57 of 2nd period - Slapshot by Jean-Sebastien Dea.
18:57 of 2nd period - Stopped by Felix Sanstrom with a rebound.
19:13 of 2nd period - Slapshot by Connor Bunnaman.
19:13 of 2nd period - Shot Blocked by Milos Kelemen.
19:15 of 2nd period - Snap shot by Michael Joly.
19:15 of 2nd period - Shot Misses the Net.
19:17 of 2nd period - Snap shot by Connor Bunnaman.
19:17 of 2nd period - Stopped by Felix Sanstrom with a rebound.
19:19 of 2nd period - Snap shot by Anatoli Golyshev.
19:19 of 2nd period - Stopped by Felix Sanstrom with a rebound.
19:21 of 2nd period - Snap shot by Gustav Lindstrom.
19:21 of 2nd period - Shot Misses the Net.
19:31 of 2nd period - Ryan Lindgren is hit by Hunter Shinkaruk and loses puck.
19:48 of 2nd period - Snap shot by Ty Dellandrea.
19:48 of 2nd period - Stopped by Felix Sanstrom with a rebound.
19:50 of 2nd period - Slapshot by Gustav Lindstrom.
19:50 of 2nd period - Stopped by Felix Sanstrom with a rebound.
19:52 of 2nd period - Slapshot by Ryan Lindgren.
19:52 of 2nd period - Stopped by Felix Sanstrom without a rebound.
19:53 of 2nd period - Anton Gustafsson wins face-off versus Connor Bunnaman in Admirals zone.
19:59 of 2nd period - Off-side.
Goals for this period are 1 for Admirals vs 2 for Crunch.
Shots for this period are 8 for Admirals vs 18 for Crunch.
3rd period
0:01 of 3rd period - Josh Norris wins face-off versus Jean-Sebastien Dea in neutral zone.
1:53 of 3rd period - Snap shot by Anton Gustafsson.
1:53 of 3rd period - Stopped by Josef Korenar without a rebound.
1:54 of 3rd period - Connor Bunnaman wins face-off versus Anton Gustafsson in Crunch zone.
3:14 of 3rd period - Slapshot by Ian Mitchell.
3:14 of 3rd period - Stopped by Josef Korenar with a rebound.
3:28 of 3rd period - Slapshot by Anatoli Golyshev.
3:28 of 3rd period - Stopped by Felix Sanstrom with a rebound.
3:46 of 3rd period - Snap shot by Anatoli Golyshev.
3:46 of 3rd period - Stopped by Felix Sanstrom with a rebound.
3:48 of 3rd period - Wrist shot by Anatoli Golyshev.
3:48 of 3rd period - Deflect By Ian Mitchell.
3:48 of 3rd period - Stopped by Felix Sanstrom without a rebound.
3:49 of 3rd period - Hunter Shinkaruk wins face-off versus Jean-Sebastien Dea in Admirals zone.
4:00 of 3rd period - Slapshot by Maxime Comtois.
4:00 of 3rd period - Stopped by Felix Sanstrom without a rebound.
4:01 of 3rd period - Josh Norris wins face-off versus Jean-Sebastien Dea in Admirals zone.
4:11 of 3rd period - Off-side.
4:12 of 3rd period - Jean-Sebastien Dea wins face-off versus Josh Norris in neutral zone.
4:15 of 3rd period - Snap shot by Jean-Sebastien Dea.
4:15 of 3rd period - Shot Misses the Net.
4:21 of 3rd period - Snap shot by Hunter Shinkaruk.
4:21 of 3rd period - Stopped by Josef Korenar without a rebound.
4:22 of 3rd period - Jean-Sebastien Dea wins face-off versus Josh Norris in Crunch zone.
4:58 of 3rd period - Off-side.
4:59 of 3rd period - Dylan Cozens wins face-off versus Lucas Wallmark in neutral zone.
5:23 of 3rd period - Icing by Dylan Cozens.
5:24 of 3rd period - Dylan Cozens wins face-off versus Ruslan Iskhakov in Crunch zone.
5:55 of 3rd period - Slapshot by Connor Bunnaman.
5:55 of 3rd period - Stopped by Felix Sanstrom without a rebound.
5:56 of 3rd period - Connor Bunnaman wins face-off versus Anton Gustafsson in Admirals zone.
7:09 of 3rd period - Snap shot by Liam Foudy.
7:09 of 3rd period - Shot Misses the Net.
7:11 of 3rd period - Snap shot by Dylan Cozens.
7:11 of 3rd period - Goal by Dylan Cozens - Admirals : 3 - Crunch : 4.
7:12 of 3rd period - Lucas Wallmark wins face-off versus Jean-Sebastien Dea in neutral zone.
7:15 of 3rd period - Snap shot by Nolan Vesey.
7:15 of 3rd period - Shot Blocked by Gustav Lindstrom.
7:27 of 3rd period - Wrist shot by Gustav Lindstrom.
7:27 of 3rd period - Deflect By Maxime Comtois.
7:27 of 3rd period - Shot Misses the Net.
7:27 of 3rd period - Puck is out of play.
7:28 of 3rd period - Anton Gustafsson wins face-off versus Connor Bunnaman in Admirals zone.
7:28 of 3rd period - Anton Gustafsson is hit by Anatoli Golyshev.
8:26 of 3rd period - Icing by Gerald Mayhew.
8:27 of 3rd period - Jean-Sebastien Dea wins face-off versus Gerald Mayhew in Admirals zone.
8:46 of 3rd period - Slapshot by Lucas Wallmark.
8:46 of 3rd period - Deflect By Nolan Vesey.
8:46 of 3rd period - Deflect By Jean-Sebastien Dea.
8:46 of 3rd period - Shot Misses the Net.
8:46 of 3rd period - Puck is out of play.
8:47 of 3rd period - Mark McNeill wins face-off versus Connor Bunnaman in Crunch zone.
8:54 of 3rd period - Slapshot by Ian Mitchell.
8:54 of 3rd period - Shot Blocked by Connor Bunnaman.
8:56 of 3rd period - Slapshot by Josh Norris.
8:56 of 3rd period - Shot Misses the Net.
8:58 of 3rd period - Backhand shot by Hunter Shinkaruk.
8:58 of 3rd period - Stopped by Josef Korenar without a rebound.
8:59 of 3rd period - Jean-Sebastien Dea wins face-off versus Josh Norris in Crunch zone.
9:25 of 3rd period - Anatoli Golyshev is hit by Reilly Walsh and loses puck.
9:32 of 3rd period - Slapshot by Ryan Lindgren.
9:32 of 3rd period - Stopped by Felix Sanstrom without a rebound.
9:33 of 3rd period - Anton Gustafsson wins face-off versus Jean-Sebastien Dea in Admirals zone.
9:33 of 3rd period - Anton Gustafsson is hit by Nils Lundkvist.
9:36 of 3rd period - Icing by Kasper Bjorkqvist.
9:37 of 3rd period - Anton Gustafsson wins face-off versus Jeremy Bracco in Admirals zone.
9:43 of 3rd period - Off-side.
9:44 of 3rd period - Josh Norris wins face-off versus Jean-Sebastien Dea in neutral zone.
10:23 of 3rd period - Off-side.
10:24 of 3rd period - Dylan Cozens wins face-off versus Lucas Wallmark in neutral zone.
10:29 of 3rd period - Lucas Wallmark is hit by Brandon Biro and loses puck.
10:37 of 3rd period - Off-side.
10:38 of 3rd period - Jean-Sebastien Dea wins face-off versus Josh Norris in neutral zone.
11:03 of 3rd period - Wrist shot by Lucas Wallmark.
11:03 of 3rd period - Shot Blocked by Gustav Lindstrom.
11:09 of 3rd period - Slapshot by Gustav Lindstrom.
11:09 of 3rd period - Stopped by Felix Sanstrom without a rebound.
11:10 of 3rd period - Connor Bunnaman wins face-off versus Gerald Mayhew in Admirals zone.
11:11 of 3rd period - Slapshot by Anatoli Golyshev.
11:11 of 3rd period - Stopped by Felix Sanstrom without a rebound.
11:12 of 3rd period - Josh Norris wins face-off versus Connor Bunnaman in Admirals zone.
11:19 of 3rd period - Snap shot by Ian Mitchell.
11:19 of 3rd period - Stopped by Josef Korenar without a rebound.
11:20 of 3rd period - Connor Bunnaman wins face-off versus Josh Norris in Crunch zone.
11:29 of 3rd period - Wrist shot by Connor Bunnaman.
11:29 of 3rd period - Stopped by Felix Sanstrom without a rebound.
11:30 of 3rd period - Jean-Sebastien Dea wins face-off versus Josh Norris in Admirals zone.
11:57 of 3rd period - Sean Durzi is hit by Ryan Lindgren and loses puck.
12:28 of 3rd period - Lucas Wallmark is hit by Dylan Cozens and loses puck.
13:31 of 3rd period - Snap shot by Lucas Wallmark.
13:31 of 3rd period - Shot Blocked by Thomas Harley.
13:49 of 3rd period - Slapshot by Thomas Harley.
13:49 of 3rd period - Stopped by Felix Sanstrom with a rebound.
13:51 of 3rd period - Slapshot by Jeremy Bracco.
13:51 of 3rd period - Shot Misses the Net.
14:13 of 3rd period - Slapshot by Gustav Lindstrom.
14:13 of 3rd period - Shot Misses the Net.
14:15 of 3rd period - Wrist shot by Liam Foudy.
14:15 of 3rd period - Shot Misses the Net.
14:57 of 3rd period - Minor Penalty to Henry Thrun for Roughing.
14:58 of 3rd period - Jean-Sebastien Dea wins face-off versus Lucas Wallmark in Admirals zone.
15:11 of 3rd period - Slapshot by Jeremy Bracco.
15:11 of 3rd period - Stopped by Felix Sanstrom without a rebound.
15:12 of 3rd period - Lucas Wallmark wins face-off versus Maxime Comtois in Admirals zone.
15:37 of 3rd period - Mark McNeill is hit by Anatoli Golyshev and loses puck.
15:42 of 3rd period - Slapshot by Adam Boqvist.
15:42 of 3rd period - Stopped by Felix Sanstrom without a rebound.
15:43 of 3rd period - Lucas Wallmark wins face-off versus Jean-Sebastien Dea in Admirals zone.
16:57 of 3rd period - Penalty to Henry Thrun is over, Henry Thrun is back on ice.
16:57 of 3rd period - Anton Gustafsson is hit by Gustav Lindstrom.
17:29 of 3rd period - Snap shot by Carl Dahlstrom.
17:29 of 3rd period - Shot Misses the Net.
17:31 of 3rd period - Slapshot by Nolan Vesey.
17:31 of 3rd period - Stopped by Josef Korenar with a rebound.
17:35 of 3rd period - Slapshot by Nolan Vesey.
17:35 of 3rd period - Goal by Nolan Vesey - Admirals : 4 - Crunch : 4.
17:36 of 3rd period - Dylan Cozens wins face-off versus Josh Norris in neutral zone.
17:41 of 3rd period - Slapshot by Liam Foudy.
17:41 of 3rd period - Goal by Liam Foudy - Admirals : 4 - Crunch : 5.
17:42 of 3rd period - Lucas Wallmark wins face-off versus Dylan Cozens in neutral zone.
17:51 of 3rd period - Slapshot by Gustav Lindstrom.
17:51 of 3rd period - Deflect By Dylan Cozens.
17:51 of 3rd period - Shot Blocked by Reilly Walsh.
17:51 of 3rd period - Puck is out of play.
17:52 of 3rd period - Nolan Vesey wins face-off versus Brandon Biro in Admirals zone.
18:01 of 3rd period - Slapshot by Nolan Vesey.
18:01 of 3rd period - Deflect By Gerald Mayhew.
18:01 of 3rd period - Stopped by Josef Korenar with a rebound.
18:20 of 3rd period - Snap shot by Liam Foudy.
18:20 of 3rd period - Stopped by Felix Sanstrom with a rebound.
18:22 of 3rd period - Slapshot by Gustav Lindstrom.
18:22 of 3rd period - Shot Blocked by Reilly Walsh.
18:24 of 3rd period - Wrist shot by Gustav Lindstrom.
18:24 of 3rd period - Stopped by Felix Sanstrom with a rebound.
18:46 of 3rd period - Admirals, Felix Sanstrom is pulled from the net.
18:54 of 3rd period - Slapshot by Nolan Vesey.
18:54 of 3rd period - Deflect By Lucas Wallmark.
18:54 of 3rd period - Shot Misses the Net.
18:54 of 3rd period - Puck is out of play.
18:55 of 3rd period - Wayne Gretzky call a timeout for Admirals.
18:55 of 3rd period - Josh Norris wins face-off versus Jean-Sebastien Dea in Crunch zone.
18:58 of 3rd period - Snap shot by Hunter Shinkaruk.
18:58 of 3rd period - Stopped by Josef Korenar with a rebound.
19:14 of 3rd period - Ian Mitchell is hit by Gustav Lindstrom and loses puck.
19:21 of 3rd period - Wrist shot by Jeremy Bracco.
19:21 of 3rd period - Goal by Jeremy Bracco - Admirals : 4 - Crunch : 6.
19:21 of 3rd period - Felix Sanstrom from Admirals was sent back in the game.
19:22 of 3rd period - Dylan Cozens wins face-off versus Lucas Wallmark in neutral zone.
19:54 of 3rd period - Wrist shot by Anton Gustafsson.
19:54 of 3rd period - Stopped by Josef Korenar with a rebound.
Goals for this period are 1 for Admirals vs 3 for Crunch.
Shots for this period are 10 for Admirals vs 17 for Crunch.